← All builds
Front / Legion / Economy first / OBSERVED BUILD

Standard front

Legion Front build order · Supreme Isthmus

Builds a Legion Vehicle Plant immediately, fights with Lance and Barrage toward middle, and takes an Advanced Metal Extractor around 9:22 as the standard eco-first Front play.

#eco · 56 distinct matches · 24 players · 81% of Legion Front games · team won 58% of 59 · Recently observed

HOW TO PLAY IT

Key timing: Legion Vehicle Plant by 0:55

  1. Take mex and wind, then rush Legion Vehicle Plant immediately.
  2. Finish Legion Vehicle Plant fast to start Barrage and Lance.
  3. Send first units to the coast to stop leaks, not middle.
  4. Push Barrage and Lance to the coast line before moving to mid.
  5. Add Advanced Metal Extractor and keep mixed vehicle army flowing.

Phase by phase

TYPICAL OF ITS 56 GAMES
  1. 1
  2. 2
  3. 3
PLAY THE OPENING

Follow the example game's first 6:00 step by step: what to build now, what comes next, and where it goes. At 1× it keeps pace with your own game.

  1. 1

    Up to the Legion Vehicle Plant

    Economy
    • Metal Extractor2Mex
    • Wind Turbine1Wind
    Order
    1. Legion Vehicle PlantLegion Vehicle Plant after 2 mex, 1 winddone ~0:47, middle half 0:37–0:55

    By 0:24 in all: 2 mex · 1 wind

    The example game in this phase · 2 steps
    1. Mex ×3
    2. Legion Vehicle PlantLegion Vehicle Plantdone 0:48 · typical 0:47
  2. 2

    Legion Vehicle Plant to 5:00

    Economy
    • Metal Extractor4Mex
    • Wind Turbine7Wind
    Builders
    • Legion Construction Vehicle2 Legion Construction Vehicle
    Army
    • Pharos3 Pharos
    • Wheelie3 Wheelie
    • Lance3 Lance
    • Barrage2 Barrage

    Some games also: Decurion (47%) · con turret (41%) · Radar Tower (37%)

    By 5:00 in all: 6 mex · 8 wind

    The example game in this phase · 26 steps
    1. WheelieWheelie
    2. Wind
    3. WheelieWheelie
    4. Wind
    5. WheelieWheelie
    6. Wind
    7. Legion Construction VehicleLegion Construction Vehicle
    8. DecurionDecurion ×2
    9. PharosPharos
    10. Mex
    11. BarrageBarrage
    12. Wind
    13. Mex
    14. Wind
    15. WheelieWheelie
    16. Mex
    17. PharosPharos ×2
    18. DecurionDecurion
    19. PharosPharos
    20. DecurionDecurion
    21. BarrageBarrage
    22. PharosPharos
    23. DecurionDecurion ×2
    24. PharosPharos ×2
    25. WheelieWheelie
    26. Legion Construction VehicleLegion Construction Vehicle
  3. 3

    5:00 to 10:00

    Economy
    • Metal Extractor1Mex
    • Wind Turbine17Wind
    Builders
    • Construction Turret1 Con turret
    Army
    • Pharos2 Pharos
    • Lance3 Lance

    Some games also: Decurion (46%) · Legion Construction Vehicle (46%) · energy storage (42%) · Radar Tower (41%) · Barrage (39%)

    By 10:00 in all: 7 mex · 24 wind · 1 energy storage · 2 con turret

    The example game in this phase · 178 steps
    1. BarrageBarrage ×2
    2. DecurionDecurion
    3. Mex
    4. Legion Construction VehicleLegion Construction Vehicle
    5. DecurionDecurion
    6. WheelieWheelie
    7. Legion Construction VehicleLegion Construction Vehicle
    8. BarrageBarrage ×2
    9. DecurionDecurion
    10. Mex
    11. Con turret
    12. Advanced Metal ExtractorT2 mexdone 8:41 · typical 9:13
    13. PharosPharos
    14. DecurionDecurion
    15. Wind ×3
    16. WheelieWheelie
    17. Legion Construction VehicleLegion Construction Vehicle
    18. Con turret
    19. Wind ×2
    20. BarrageBarrage
    21. Wind ×2
    22. Advanced Metal ExtractorT2 mex
    23. BarrageBarrage
    24. Wind
    25. WheelieWheelie
    26. Wind ×3
    27. DecurionDecurion
    28. Radar TowerRadar Tower
    29. Wind
    30. AlarisAlaris
    31. Advanced Metal ExtractorT2 mex
    32. Wind
    33. AlarisAlaris
    34. Con turret
    35. AlarisAlaris
    36. Wind ×2
    37. Mex
    38. AlarisAlaris
    39. Wind
    40. AlarisAlaris
    41. Wind
    42. AlarisAlaris
    43. Wind ×2
    44. AlarisAlaris
    45. Wind
    46. AlarisAlaris
    47. Wind ×3
    48. AlarisAlaris
    49. Wind ×2
    50. Mex
    51. AlarisAlaris
    52. Wind ×2
    53. AlarisAlaris
    54. Wind
    55. AlarisAlaris
    56. Wind ×2
    57. AlarisAlaris
    58. Wind ×2
    59. AlarisAlaris
    60. Wind
    61. PharosPharos
    62. AlarisAlaris
    63. Con turret
    64. Wind
    65. Advanced Metal ExtractorT2 mex
    66. AlarisAlaris
    67. Wind
    68. AlarisAlaris
    69. PharosPharos
    70. Wind
    71. AlarisAlaris
    72. Advanced Vehicle PlantAdvanced Vehicle Plantdone 12:13
    73. AlarisAlaris
    74. Con turret
    75. Wind
    76. AlarisAlaris ×2
    77. Con turret
    78. WheelieWheelie ×2
    79. Wind
    80. Con turret
    81. WheelieWheelie ×2
    82. Wind
    83. WheelieWheelie
    84. Wind
    85. WheelieWheelie
    86. Wind
    87. WheelieWheelie
    88. RattlesnakeRattlesnakedone 13:35
    89. WheelieWheelie
    90. Wind
    91. WheelieWheelie
    92. Wind
    93. WheelieWheelie
    94. Wind
    95. WheelieWheelie ×2
    96. Wind
    97. WheelieWheelie
    98. Wind
    99. WheelieWheelie
    100. Radar TowerRadar Tower
    101. WheelieWheelie
    102. Wind
    103. WheelieWheelie
    104. BrambleBramble
    105. WheelieWheelie
    106. Wind
    107. WheelieWheelie ×2
    108. Wind
    109. BrambleBramble
    110. WheelieWheelie
    111. Wind
    112. WheelieWheelie
    113. Wind
    114. WheelieWheelie
    115. Wind
    116. WheelieWheelie
    117. Wind
    118. BrambleBramble
    119. WheelieWheelie
    120. Con turret
    121. CharonFlakdone 13:07
    122. Wind
    123. WheelieWheelie ×2
    124. Wind
    125. WheelieWheelie
    126. BrambleBramble
    127. Wind
    128. WheelieWheelie
    129. Wind
    130. WheelieWheelie ×2
    131. Wind
    132. MedusaMedusanot finished by 15:00
    133. WheelieWheelie
    134. Wind
    135. WheelieWheelie
    136. Wind
    137. WheelieWheelie
    138. Wind
    139. Con turret
    140. WheelieWheelie
    141. Wind
    142. WheelieWheelie
    143. Wind
    144. WheelieWheelie ×5
    145. Advanced Construction VehicleT2 con vehicle
    146. Wind
    147. WheelieWheelie ×2
    148. Wind
    149. WheelieWheelie ×2
    150. Wind
    151. MedusaMedusa
    152. WheelieWheelie
    153. Wind
    154. WheelieWheelie
    155. Wind
    156. WheelieWheelie
    157. Wind ×2
    158. WheelieWheelie
    159. Wind
    160. WheelieWheelie
    161. Wind
    162. WheelieWheelie
    163. BrambleBramble
    164. Wind
    165. WheelieWheelie
    166. Advanced Metal ExtractorT2 mex
    167. WheelieWheelie
    168. Wind
    169. WheelieWheelie
    170. MedusaMedusa
    171. WheelieWheelie
    172. Wind
    173. BrambleBramble
    174. WheelieWheelie
    175. Wind
    176. WheelieWheelie
    177. Wind
    178. WheelieWheelie

Counts are medians over the build's games: half of them build more, half fewer. The example game is Dorsch123's (31 OS, 22/09/2026); pick another.

Team trades

IN AT LEAST 30% OF ITS GAMES

You hand over

Nothing regular.

You get

  • Tidal Generator4 Tidal from Pondfirst at 0:15 · in 39% of games
  • Tidal Generator4 Tidal from Pondfirst at 0:17 · in 34% of games
  • Advanced Construction Bot1 T2 con bot from Geo or Techfirst at 7:21 · in 46% of games

How it plays out

Typical game of this build, running totals by minute

Metal produced

010k20k30k
0:005:0010:0015:00

metal

Enemy metal destroyed

02.5k5k7.5k
0:005:0010:0015:00

metal

Own metal lost

05k10k
0:005:0010:0015:00

metal

59 games.

Show as table
ByMetal produced: This buildEnemy metal destroyed: This buildOwn metal lost: This build
1:0033000
2:008382123
3:0016389369
4:002737275204
5:003791660400
6:0049471490930
7:00609523701439
8:00734930131961
9:00889037552931
10:001041143813770
11:001252947474213
12:001457657794939
13:001624661086040
14:001891267966680
15:002093572128266
WHAT THE NUMBERS SAY

Standard front play, won more often than the other front position's economy-first build with less metal produced.

  • + Won 59% of games despite producing less metal than Geo sea's build.
  • − Loses more metal early than it destroys (333 lost vs 602 destroyed by 5:00 is the only positive window).
THE EXAMPLE YOU ARE READING

Dorsch123

30.8 OS · 22/09/2026

Open source match ↗

24 received units · includes a constructor
514 metal received · 6433 energy received

Allied construction assistance is unknown. Timings are observations, not a promise of solo reproducibility.

Typical milestones

Legion Vehicle Plant0:47Middle 50%: 0:37–0:55 · n=42
Advanced Metal Extractor9:13Middle 50%: 8:38–10:20 · n=39

Played most by

Hummell13games of this buildXuunnY8games of this buildXXMACGAMERXX5games of this build[Crd]Atlas4games of this buildTheGeneraI3games of this build